 Dungeon Crawl Stone Soup version 0.31-a0-246-g8cbcc1cb85 (webtiles) character file.

Game seed: 1537676028774401668

661 Dittersdorf the Trooper (level 7, 0/44 HPs)
             Began as a Gargoyle Fighter on July 12, 2023.
             Slain by a killer bee (7 damage)
             ... on level 4 of the Dungeon.
             The game lasted 00:05:27 (3563 turns).

Dittersdorf the Trooper (Gargoyle Fighter)          Turns: 3563, Time: 00:05:28

Health: 0/44       AC: 17    Str: 22    XL:     7   Next: 56%
Magic:  7/7        EV:  9    Int:  8    God:
Gold:   295        SH:  5    Dex:  9    Spells: 6/6 levels left

rFire   . . .        a - +0 flail
rCold   . . .        c - +0 buckler
rNeg    + . .        b - +0 scale mail
rPois   ∞            v - +2 helmet of Asiezyc {+Inv}
rElec   +            t - +0 cloak
rCorr   .            u - +0 pair of gloves
SInv    .            (no boots)
Will    .....        (no amulet) Stlth
                     (no ring)
HPRegen 0.27/turn    (no ring)
MPRegen 0.10/turn

%: no passive effects
@: no status effects
A: sickness immunity, AC +4, negative energy resistance 1, electricity
resistance, torment resistance 1, petrification resistance
a: Evoke Invisibility


You were on level 4 of the Dungeon.
You visited 1 branch of the dungeon, and saw 5 of its levels.

You collected 295 gold pieces.

Inventory:

Hand Weapons
 a - a +0 flail (weapon)
Missiles
 f - 3 poisoned darts
Armour
 b - a +0 scale mail (worn)
 c - a +0 buckler (worn)
 t - a +0 cloak (worn)
 u - a +0 pair of gloves (worn)
 v - the +2 helmet of Asiezyc (worn) {+Inv}
   (You took it off Robin on level 3 of the Dungeon)

   +Inv:      It lets you turn invisible.
Wands
 o - a wand of mindburst (19)
 w - a wand of paralysis (8)
Scrolls
 g - 2 scrolls of teleportation {unknown}
 n - 2 scrolls of revelation
 p - a scroll of fear {unknown}
 q - a scroll of fog {unknown}
 r - a scroll of acquirement {unknown}
Potions
 d - a potion of might
 e - 2 potions of ambrosia {unknown}
 h - a potion of resistance {unknown}
 i - 4 potions of enlightenment {unknown}
 j - 3 potions of curing
 k - a potion of berserk rage
 l - 3 potions of invisibility
 m - a potion of mutation
 s - a potion of magic


   Skills:
 + Level 5.5 Fighting
 + Level 4.4 Maces & Flails
 + Level 5.4 Armour
 + Level 5.4 Shields


You had 6 spell levels left.
You didn't know any spells.
Your spell library contained the following spells:

 Spells                   Type           Power      Damage    Failure   Level
 Apportation              Tloc           0%         N/A       78%         1
 Necrotise                Necr           0%         1d4       78%         1
 Summon Small Mammal      Summ           0%         N/A       78%         1
 Blink                    Tloc           0%         N/A       89%         2
 Ensorcelled Hibernation  Hex/Ice        0%         N/A       89%         2
 Lesser Beckoning         Tloc           0%         N/A       89%         2
 Momentum Strike          Conj/Tloc      0%         3d8       89%         2
 Passwall                 Tmut/Erth      0%         N/A       89%         2
 Swiftness                Air            0%         N/A       98%         3


Dungeon Overview and Level Annotations

Branches:
Dungeon (5/15)
 Temple: D:4-7

Altars:

Shops:
D:5 =


Innate Abilities, Weirdness & Mutations

You are immune to sickness and miasma.
Your stone body is resilient. (AC +4)
You are immune to poison.
You resist negative energy. (rN+)
You are resistant to electric shocks. (rElec)
You are resistant to unholy torment.
You are immune to petrification.


Message History

The killer bee stings you.
* * * LOW HITPOINT WARNING * * *
The killer bee stings you but does no damage.
The killer bee closely misses you. You block the killer bee's attack.
The killer bee stings you but does no damage.
The killer bee stings you but does no damage.
The killer bee completely misses you.
The killer bee stings you but does no damage.
There is a stone staircase leading down, spattered with blood here.
Items here: ( )) ††.
The orc wizard casts a spell.
The orc wizard flickers and vanishes!
The killer bee closely misses you.
The killer bee attacks as you move away!
The killer bee stings you but does no damage.
The killer bee attacks as you move away!
The killer bee stings you.
* * * LOW HITPOINT WARNING * * *
The killer bee stings you but does no damage.
The killer bee stings you but does no damage.
Items here: )) [ ÷÷ †.
The killer bee attacks as you move away!
You block the killer bee's attack.
The killer bee stings you but does no damage.
There is a stone staircase leading up here.
The killer bee stings you but does no damage. x2
You climb upwards.
Reactivating autopickup.
There is a stone staircase leading down here.
You closely miss the killer bee. You block the killer bee's attack.
The killer bee stings you but does no damage.
You closely miss the killer bee.
The killer bee stings you but does no damage.
The killer bee closely misses you.
You barely miss the killer bee.
The killer bee stings you but does no damage.
The killer bee closely misses you. The killer bee stings you.
* * * LOW HITPOINT WARNING * * *
You barely miss the killer bee. The killer bee stings you!
You die...

#.#.# #.....# #....##.### #.#.##
###...### ##.....<.# .....####
###....# #.......# .....##.##
##......# ###.....# ......#..#
#...##..# ##.....## .........#
##.##...## #....###
......#..###.^......###......#
......####.#....y.)..#.......###
..#....##..##...@.##..##.....#.##
.##................#............#
..#...................##.........
...........[...............<...##
.#...........#####.......##....##
.#..>##......# ##.)...##......#
##...#......## #...............
#..[........# ##.............#
.......#....# ######.........!..#


You could see a killer bee.

Vanquished Creatures
  A water moccasin (D:5)
  A black bear (D:3)
  A centaur (D:5)
  A scorpion (D:4)
  A killer bee (D:5)
  Crazy Yiuf (D:4)
  An iguana (D:5)
  A sleepcap (D:5)
  Ijyb (D:5)
  Robin (D:3)
  5 adders
  A white imp (D:5)
  An ufetubus (D:4)
  5 dart slugs
  6 orcs
  4 endoplasms
  4 giant cockroaches
  14 hobgoblins
  2 jackals (D:2)
  A quokka (D:5)
  10 ball pythons
  10 bats
  2 frilled lizards (D:2)
  21 goblins
  8 kobolds
  3 rats
107 creatures vanquished.

Notes
Turn   | Place    | Note
-------+----------+-------------------------------------------
     0 | D:1      | Dittersdorf the Gargoyle Fighter began the quest for the
                  | Orb.
     0 | D:1      | Reached XP level 1. HP: 14/14 MP: 1/1
    92 | D:1      | Reached XP level 2. HP: 19/19 MP: 2/2
   229 | D:1      | Reached XP level 3. HP: 24/24 MP: 3/3
  1031 | D:2      | Reached XP level 4. HP: 28/29 MP: 4/4
  2038 | D:4      | Noticed a black bear
  2053 | D:3      | Killed a black bear
  2054 | D:3      | Reached XP level 5. HP: 15/34 MP: 5/5
  2292 | D:4      | Reached XP level 6. HP: 32/39 MP: 6/6
  2398 | D:4      | Found a runed translucent door.
  2398 | D:4      | Noticed Crazy Yiuf
  2405 | D:4      | Killed Crazy Yiuf
  2571 | D:4      | Identified the +2 helmet of Asiezyc {+Inv}
  2571 | D:4      | Noticed Robin
  2817 | D:3      | Killed Robin
  3064 | D:5      | Entered Level 5 of the Dungeon
  3197 | D:5      | Noticed a water moccasin
  3205 | D:5      | Killed a water moccasin
  3206 | D:5      | Reached skill level 5 in Fighting
  3206 | D:5      | Reached skill level 5 in Armour
  3206 | D:5      | Reached skill level 5 in Shields
  3206 | D:5      | Reached XP level 7. HP: 37/44 MP: 7/7
  3447 | D:5      | Noticed Ijyb
  3448 | D:5      | Found Bounij's Jewellery Boutique.
  3456 | D:5      | Killed Ijyb
  3563 | D:4      | Slain by a killer bee

Illustrated notes

Levels and vault maps discovered:
D:1:      eino_arrival_druids_welcome, layout_rooms
D:2:      layout_basic
D:3:      layout_loops_ring
D:4:      layout_cave_pools, uniq_robin, uniq_crazy_yiuf_cottage
D:5:      layout_rooms, minmay_temple_entry_enclosed_plants, serial_shops,
          nicolae_shop_tiny_statue_garden, grunt_ministairs_3, uniq_ijyb

Skill      XL: |  1  2  3  4  5  6 |
---------------+-------------------+-----
Shields        | 4 5 |  5.4
Fighting       | 4 5 |  5.5
Armour         | 4 5 |  5.4
Maces & Flails | 3 4 |  4.4

Action                     |  1- 3 |  4- 6 |  7- 9 || total
---------------------------+-------+-------+-------++-------
  Melee: Flail             |   118 |   189 |    89 ||   396
    Use: Scroll            |       |     6 |     1 ||     7
 Armour: Scale mail        |    79 |   166 |   103 ||   348
  Dodge: Dodged            |    73 |   136 |    61 ||   270
  Block: Buckler           |    42 |    69 |    37 ||   148

Table legend: (Time is in decaauts)
 A = Elapsed time spent in this place.
 B = Non-inter-level travel time spent in this place.
 C = Inter-level travel time spent in this place.
 D = Time resting spent in this place.
 E = Time spent auto-exploring this place.
 F = Levels seen in this place.
 G = Mean time per level.
                   A        B        C        D        E       F      G
               +--------+--------+--------+--------+--------+-----+--------+
         Total |   3676 |   3522 |    154 |    325 |   2182 |   5 |  735.2 |
       Dungeon |   3676 |   3522 |    154 |    325 |   2182 |   5 |  735.2 |
               +--------+--------+--------+--------+--------+-----+--------+

Top non-repeatable levels by time:
     D:3: 1009 daAuts
     D:2: 894 daAuts
     D:4: 746 daAuts
     D:1: 514 daAuts
     D:5: 511 daAuts
